[Event "Team 45 45 League T72"]
[Site "Internet Chess Club"]
[Date "2017.04.11"]
[Round "4"]
[White "bardu"]
[Black "g8wrb"]
[Result "0-1"]
[WhiteElo "1402"]
[BlackElo "1322"]
[Opening "Nimzo-Indian: 4.e3 O-O, 5.Bd3"]
[ECO "E47"]
[Time "10:50:15"]
[TimeControl "2700+45"]

1. d4 e6 2. c4 Nf6 3. Nc3 Bb4 4. e3 O-O 5. Bd3 b6 6. Ne2 Bb7 7. O-O d5 8. cxd5
Nxd5 9. e4 Nxc3 10. bxc3 Be7 11. Be3 Nd7 12. f4 f5 13. exf5 exf5 14. Qb3+ Kh8
15. Ng3 g6 16. d5 Nf6 17. c4 c5 18. dxc6 Bxc6 19. Rad1 Qe8 20. Rfe1 Qf7 21. Bd4
Rad8 22. Ne2 Rd7 23. Bb2 Rfd8 24. Qc2 Kg8 25. a4 Be4 26. Bxe4 Nxe4 27. Rxd7 Rxd7
28. Nc3 Bc5+ 29. Kh1 Nf2+ {White resigns} 0-1

[Event "Team 45 45 League T72"]
[Site "Internet Chess Club"]
[Date "2017.04.08"]
[Round "4"]
[White "SeniorCitizen"]
[Black "Toalla"]
[Result "1-0"]
[WhiteElo "1258"]
[BlackElo "1110"]
[Opening "Caro-Kann defense"]
[ECO "B12"]
[Time "15:10:14"]
[TimeControl "2700+45"]

1. e4 c6 2. d4 g6 3. Nf3 Bg7 4. Bc4 d5 5. exd5 cxd5 6. Be2 Nc6 7. c3 Nf6 8. h3
O-O 9. O-O Re8 10. Be3 e5 11. dxe5 Nxe5 12. Nbd2 Nc6 13. Nd4 Nxd4 14. Bxd4 Ne4
15. Bxg7 Kxg7 16. Nxe4 Rxe4 17. Bf3 Re5 18. Qd4 f6 19. Rae1 Qd6 20. Rxe5 fxe5
21. Qxd5 Qxd5 22. Bxd5 Kf6 23. f3 Rb8 24. Rf2 Be6 25. Bxe6 Kxe6 26. Rd2 b5 27.
Kf2 Rf8 28. Ke3 Rc8 29. a3 a5 30. f4 exf4+ 31. Kxf4 Rc5 32. Re2+ Kf6 33. Rf2
Rf5+ 34. Ke3 Rxf2 35. Kxf2 Ke5 36. Ke3 h6 37. g3 h5 38. b3 g5 39. a4 bxa4 40.
bxa4 g4 41. h4 Kd5 42. Kf4 Kc4 43. Kg5 Kxc3 44. Kxh5 Kb4 45. Kg5 Kxa4 46. h5 Kb5
47. h6 a4 48. h7 a3 49. h8=Q {Black resigns} 1-0

[Event "Team 45 45 League T72"]
[Site "Internet Chess Club"]
[Date "2017.04.11"]
[Round "4"]
[White "ascoli"]
[Black "QuieroAprender"]
[Result "1/2-1/2"]
[WhiteElo "1646"]
[BlackElo "1561"]
[Opening "Ruy Lopez: Classical defense deferred"]
[ECO "C70"]
[Time "15:13:17"]
[TimeControl "2700+45"]

1. e4 e5 2. Nf3 Nc6 3. Bb5 a6 4. Ba4 Bc5 5. O-O d6 6. d4 exd4 7. Nxd4 Bd7 8.
Nxc6 bxc6 9. Re1 Qf6 10. Qe2 Ne7 11. h3 Qg6 12. Qf3 O-O 13. Nc3 Rab8 14. Bb3 Bd4
15. Be3 Bxc3 16. bxc3 c5 17. Rad1 Nc6 18. Bf4 Na5 19. c4 Nc6 20. e5 Nd4 21. Qg3
Qxg3 22. Bxg3 Rb6 23. exd6 cxd6 24. Re7 Be6 25. Rc7 g6 26. Bh2 a5 27. c3 Ne2+
28. Kf1 Nxc3 29. Rxd6 Bxc4+ 30. Kg1 Rxd6 31. Bxd6 Bxb3 32. Bxf8 Nxa2 33. Bxc5 h5
34. Bd4 g5 35. Kf1 Nb4 36. Bc3 Be6 37. Rc5 Nd5 38. Bxa5 Kh7 39. Ke2 Kg6 40. Bd2
g4 41. hxg4 hxg4 42. Kd3 Nf6 43. Kd4 Nd7 44. Rg5+ Kf6 45. Ke4 Nb6 46. Kf4 Nd5+
47. Kg3 Nc3 48. Kf4 Nd5+ 49. Ke4 Nc3+ 50. Kd4 Nb1 51. Bc1 Na3 52. Rh5 Nc2+ 53.
Ke4 Ne1 54. g3 Nf3 55. Kf4 Ne1 56. Rh6+ Kg7 57. Rxe6 fxe6 58. Kxg4 Kg6 59. f4
Nd3 60. Be3 Nb4 61. Kf3 Nd5 62. Bd4 Kf5 63. g4+ Kg6 64. Ke4 Ne7 65. Ba1 Kf7 66.
Ke5 Ng6+ 67. Ke4 Ne7 68. g5 Ng6 69. Bf6 Nf8 70. f5 exf5+ 71. Kxf5 Ng6 72. Kg4
Nf8 73. Kh5 Ng6 74. Bb2 Nf4+ 75. Kg4 Ne6 76. Kf5 {Game drawn by mutual
agreement} 1/2-1/2

[Event "Team 45 45 League T72"]
[Site "Internet Chess Club"]
[Date "2017.04.08"]
[Round "4"]
[White "dabodhi"]
[Black "drsigmund1"]
[Result "0-1"]
[WhiteElo "1257"]
[BlackElo "1422"]
[Opening "French: Winawer, advance, positional main line"]
[ECO "C19"]
[Time "14:05:21"]
[TimeControl "2700+45"]

1. e4 e6 2. d4 d5 3. Nc3 Bb4 4. e5 Ne7 5. a3 Bxc3+ 6. bxc3 c5 7. Nf3 Nbc6 8. Be2
Bd7 9. O-O Qa5 10. Bb2 O-O 11. Nd2 c4 12. Nf3 b5 13. h3 Qb6 14. Ng5 a5 15. Qd2
b4 16. Nf3 b3 17. cxb3 cxb3 18. Qd3 a4 19. Ng5 Ng6 20. g3 Nce7 21. Qd2 Bb5 22.
f4 h6 23. Nf3 Nf5 24. Kh2 h5 25. Rg1 h4 26. Nxh4 Nfxh4 27. gxh4 Bxe2 28. Qxe2
Nxf4 29. Qg4 Ng6 30. h5 Qb5 31. hxg6 fxg6 32. Qxg6 Rf2+ 33. Kh1 Ra7 34. Qxe6+
Kh7 35. Qg6+ Kg8 36. Qe6+ Kh7 37. Qg6+ Kg8 38. Qe6+ Kh8 39. Qe8+ Qxe8 {White
resigns} 0-1

[Event "Team 45 45 League T72"]
[Site "Internet Chess Club"]
[Date "2017.04.07"]
[Round "4"]
[White "Andaluz"]
[Black "Xbug"]
[Result "1-0"]
[WhiteElo "1296"]
[BlackElo "1119"]
[Opening "Sicilian: Nimzovich-Rossolimo attack (without ...d6)"]
[ECO "B30"]
[Time "16:14:09"]
[TimeControl "2700+45"]

1. e4 c5 2. Nf3 Nc6 3. Bb5 d6 4. Nc3 Nf6 5. O-O Bd7 6. Re1 g6 7. Qe2 Bg7 8. Nd5
Nxd5 9. exd5 Nb8 10. Bxd7+ Nxd7 11. c3 Bf6 12. d3 O-O 13. Bg5 Bg7 14. Qxe7 Qxe7
15. Bxe7 Rfe8 16. Bxd6 Red8 17. Be7 Rdc8 18. Re2 Nb6 19. d6 Re8 20. Rae1 h6 21.
Bh4 Rxe2 22. Rxe2 g5 23. Bg3 f5 24. Be5 Bxe5 25. Rxe5 f4 26. Rxc5 Rd8 27. Rc7
Rxd6 28. d4 Rd7 29. Rxd7 Nxd7 30. Kf1 Kf7 31. Ke2 Ke6 32. Kd3 Kd6 33. c4 b6 34.
h3 a6 35. Ke4 Ke6 36. Ne5 Nf8 37. d5+ Kd6 38. Nf7+ Kc5 39. Kd3 {Black resigns}
1-0

[Event "Team 45 45 League T72"]
[Site "Internet Chess Club"]
[Date "2017.04.09"]
[Round "4"]
[White "Electryon"]
[Black "olivermx"]
[Result "1-0"]
[WhiteElo "1457"]
[BlackElo "1292"]
[Opening "Queen's pawn, Mason variation"]
[ECO "D00"]
[Time "18:01:51"]
[TimeControl "2700+45"]

1. d4 d5 2. Bf4 Bf5 3. c3 c5 4. Qb3 b6 5. e3 c4 6. Qb5+ Qd7 7. Qxd7+ Nxd7 8. Nf3
Ngf6 9. Nbd2 e6 10. Be2 Be7 11. Ne5 Nxe5 12. dxe5 Ne4 13. Nf3 O-O 14. Nd4 Bg6
15. O-O Rac8 16. f3 Nc5 17. b3 Bd3 18. bxc4 Bxe2 19. Nxe2 dxc4 20. Nd4 Na4 21.
Nb5 a6 22. Nd6 Bxd6 23. exd6 Nxc3 24. Rf2 Nd5 25. Bg3 Nxe3 26. Rd2 Nf5 27. d7
Nxg3 28. dxc8=Q Rxc8 29. hxg3 b5 30. Rad1 {Black resigns} 1-0

[Event "Team 45 45 League T72"]
[Site "Internet Chess Club"]
[Date "2017.04.11"]
[Round "4"]
[White "oldmastermind"]
[Black "Aquaman"]
[Result "0-1"]
[WhiteElo "1270"]
[BlackElo "1375"]
[Opening "Sicilian: Alapin's variation (2.c3)"]
[ECO "B22"]
[Time "21:01:56"]
[TimeControl "2700+45"]

1. e4 c5 2. c3 Nc6 3. Nf3 d6 4. d4 cxd4 5. Nxd4 Nf6 6. Bd3 Ne5 7. Bc2 g6 8. O-O
Bg7 9. Be3 O-O 10. f4 Nc6 11. Nxc6 bxc6 12. Bd3 Ng4 13. Bd2 Qb6+ {White resigns}
0-1

[Event "Team 45 45 League T72"]
[Site "Internet Chess Club"]
[Date "2017.04.08"]
[Round "4"]
[White "GiantsFan"]
[Black "Andaluz"]
[Result "0-1"]
[WhiteElo "1159"]
[BlackElo "1306"]
[Opening "QGD: Semi-Tarrasch, 5.cd"]
[ECO "D41"]
[Time "14:11:18"]
[TimeControl "2700+45"]

1. d4 Nf6 2. c4 e6 3. Nf3 d5 4. Nc3 c5 5. cxd5 Nxd5 6. Nxd5 Qxd5 7. e3 cxd4 8.
exd4 Nc6 9. Be3 Bb4+ 10. Bd2 Qa5 11. Bxb4 Qxb4+ 12. Qd2 Qxd2+ 13. Kxd2 O-O 14.
Rd1 Rd8 15. Kc1 Nb4 16. a3 Nd5 17. Bc4 Nb6 18. Bb3 Bd7 19. d5 Rac8+ 20. Kb1 exd5
21. Bxd5 Nxd5 22. Rxd5 Bc6 23. Rf5 Be4+ 24. Ka2 Bxf5 25. Ka1 Bc2 26. Ne1 Rd1+
27. Ka2 Bf5 28. h3 Rcc1 29. Kb3 Rxe1 30. Rxe1 Rxe1 31. f3 Be6+ 32. Kc3 Re2 33.
g4 Re3+ 34. Kd4 Rxf3 35. Ke4 Rxh3 36. a4 Rh4 37. Kd3 Rxg4 38. a5 Ra4 39. Kc3
Rxa5 40. Kc2 h5 41. Kd2 Re5 42. Kd1 h4 43. Kd2 h3 44. Kd1 h2 45. Kd2 h1=Q 46. b3
Qd5+ 47. Kc1 Re1+ 48. Kb2 Qxb3# {White checkmated} 0-1

[Event "Team 45 45 League T72"]
[Site "Internet Chess Club"]
[Date "2017.04.09"]
[Round "4"]
[White "oldbookseller"]
[Black "RobertBuice"]
[Result "0-1"]
[WhiteElo "964"]
[BlackElo "1070"]
[Opening "Queen's pawn game"]
[ECO "D04"]
[Time "18:00:33"]
[TimeControl "2700+45"]

1. d4 d5 2. Nf3 Nf6 3. e3 Nc6 4. Bd3 Bg4 5. Nbd2 e6 6. O-O Bd6 7. Qe1 O-O 8. c3
a5 9. e4 dxe4 10. Nxe4 Bxf3 11. gxf3 Nh5 12. Nxd6 Qxd6 13. Qe4 f5 14. Qh4 g6 15.
Bc4 Kh8 16. Bh6 Rf7 17. Rae1 Rf6 18. d5 Ne5 19. f4 Nf3+ 20. Kh1 Nxh4 21. Bg5 Rf7
22. Bxh4 Qxf4 23. Bg3 Nxg3+ 24. hxg3 Qxc4 25. Rd1 Rd8 26. b3 Qe4+ 27. f3 Qe2 28.
Kg1 exd5 29. c4 Re7 30. g4 Rde8 31. gxf5 Qxa2 32. fxg6 Re2 33. g7+ Kxg7 34. Rxd5
Rg2+ 35. Kh1 Rh2+ 36. Kg1 Qg2# {White checkmated} 0-1

[Event "Team 45 45 League T72"]
[Site "Internet Chess Club"]
[Date "2017.04.07"]
[Round "4"]
[White "rhayder"]
[Black "drsigmund1"]
[Result "0-1"]
[WhiteElo "1178"]
[BlackElo "1412"]
[Opening "French defense"]
[ECO "C00"]
[Time "18:06:48"]
[TimeControl "2700+45"]

1. e4 e6 2. Nf3 d5 3. exd5 exd5 4. d4 Nc6 5. Bb5 Bd7 6. O-O Nf6 7. Bg5 Be7 8.
Re1 O-O 9. Nc3 a6 10. Bxc6 bxc6 11. Ne5 Be8 12. Qd2 Qd6 13. Re2 h6 14. Bxh6 gxh6
15. Qxh6 Ne4 16. Nxe4 Qxh6 {White resigns} 0-1

[Event "Team 45 45 League T72"]
[Site "Internet Chess Club"]
[Date "2017.04.08"]
[Round "4"]
[White "dabodhi"]
[Black "carey69"]
[Result "1-0"]
[WhiteElo "1264"]
[BlackElo "1024"]
[Opening "Scotch opening"]
[ECO "C44"]
[Time "21:07:24"]
[TimeControl "2700+45"]

1. e4 e5 2. Nf3 Nc6 3. d4 f6 4. d5 Nb4 5. a3 Na6 6. b4 d6 7. Bb5+ Bd7 8. Qd3 Nb8
9. Nc3 c6 10. Bc4 Ne7 11. Be3 Na6 12. b5 Nc7 13. bxc6 bxc6 14. dxc6 Bxc6 15. Nb5
Ng6 16. g3 Be7 17. Nxa7 Qd7 18. Nxc6 Qxc6 19. O-O Qd7 20. Rab1 d5 21. Bb5 Nxb5
22. Rxb5 Rxa3 23. Rb8+ Kf7 24. Rb3 Rxb3 25. Qxb3 Qg4 26. Qxd5+ Ke8 27. Nd2 Qe2
28. c4 Qg4 29. c5 Qc8 30. Rc1 h5 31. c6 Bb4 32. Qb5 Ba3 33. Rc3 Bd6 34. Nc4 Ke7
35. Nxd6 Kxd6 36. Rd3+ Ke7 37. Rd7+ Ke6 38. Qd5# {Black checkmated} 1-0

[Event "Team 45 45 League T72"]
[Site "Internet Chess Club"]
[Date "2017.04.07"]
[Round "4"]
[White "Rbug"]
[Black "Just-Jim"]
[Result "0-1"]
[WhiteElo "1051"]
[BlackElo "1257"]
[Opening "King's pawn opening"]
[ECO "B07"]
[Time "17:30:53"]
[TimeControl "2700+45"]

1. e4 d6 2. d4 c6 3. Nc3 e6 4. Nf3 Be7 5. Bc4 d5 6. exd5 exd5 7. Be2 f5 8. Ne5
Nf6 9. Bh5+ g6 10. Be2 O-O 11. Qd3 b6 12. Qg3 Bd6 13. Bh6 Re8 14. f4 Nbd7 15.
Nxg6 Ng4 16. Ne5 Nxe5 17. fxe5 Be7 18. O-O-O Bh4 19. Qf3 Nxh6 20. Qh5 Qg5+ 21.
Kb1 Qxh5 22. Bxh5 Rf8 23. g3 Be7 24. Bf3 f4 25. Rhg1 fxg3 26. Rxg3+ Kh8 27. Be2
Nf5 28. Rh3 Nxd4 29. Rh6 Nxe2 30. Nxe2 Bg4 31. Rd2 Bg5 {White resigns} 0-1

[Event "Team 45 45 League T72"]
[Site "Internet Chess Club"]
[Date "2017.04.06"]
[Round "4"]
[White "Xbug"]
[Black "vedv"]
[Result "1-0"]
[WhiteElo "1128"]
[BlackElo "982"]
[Opening "Queen's gambit accepted"]
[ECO "D20"]
[Time "17:03:39"]
[TimeControl "2700+45"]

1. d4 d5 2. c4 dxc4 3. Nc3 c6 4. a4 Be6 5. Bf4 Nd7 6. Nf3 Ndf6 7. e3 Qa5 8. Be2
Bg4 9. O-O Qb4 10. Qc2 e6 11. Na2 Qd6 12. Bxd6 Bxd6 13. Bxc4 Ne7 14. Nc3 O-O 15.
Rfb1 b6 16. b4 a5 17. bxa5 bxa5 18. Rb3 c5 19. dxc5 Bxc5 20. Be2 Nf5 21. h3 Nxe3
22. fxe3 Bxe3+ 23. Kf1 Bf5 24. Qb2 Nh5 25. g4 Ng3+ 26. Kg2 Nxe2 27. Qxe2 Bd4 28.
Nxd4 Bg6 29. Ra2 Rad8 30. Nc6 Rd6 31. Qb5 Rd5 32. Ne7+ Kh8 33. Nxg6+ hxg6 34.
Nxd5 exd5 35. Qxd5 f6 36. Rab2 Re8 37. Rb8 Rxb8 38. Rxb8+ Kh7 39. Qg8+ Kh6 40.
Rb5 g5 41. Rb7 Kg6 42. Qxg7# {Black checkmated} 1-0

[Event "Team 45 45 League T72"]
[Site "Internet Chess Club"]
[Date "2017.04.08"]
[Round "4"]
[White "guyd52"]
[Black "mongmong"]
[Result "0-1"]
[WhiteElo "1322"]
[BlackElo "1521"]
[Opening "Réti opening"]
[ECO "A04"]
[Time "20:01:10"]
[TimeControl "2700+45"]

1. Nf3 e6 2. g3 Nf6 3. Bg2 d5 4. d3 b6 5. Nbd2 Bb7 6. O-O c5 7. c3 Nc6 8. a3 g6
9. Re1 Bg7 10. e4 O-O 11. b4 cxb4 12. axb4 h6 13. Ba3 b5 14. exd5 Nxd5 15. Qc2
Bxc3 16. Bb2 Bxb2 17. Qxb2 Ncxb4 18. Qa3 Nc2 {White resigns} 0-1

[Event "Team 45 45 League T72"]
[Site "Internet Chess Club"]
[Date "2017.04.10"]
[Round "4"]
[White "tasawyer81"]
[Black "liujf"]
[Result "0-1"]
[WhiteElo "1180"]
[BlackElo "1646"]
[Opening "Queen's pawn: London system"]
[ECO "A45"]
[Time "18:02:09"]
[TimeControl "2700+45"]

1. d4 Nf6 2. Bf4 g6 3. e3 d5 4. Bd3 Bg7 5. Nf3 c5 6. c3 cxd4 7. exd4 Nc6 8. O-O
O-O 9. Re1 Re8 10. Qc2 Bg4 11. Nbd2 Rc8 12. h3 Bd7 13. Ne5 Nxd4 14. Qb1 Ne6 15.
Bg3 Ba4 16. Nb3 Nh5 17. Bh2 Nhf4 18. Nd4 Nxd3 19. Qxd3 Nxd4 20. cxd4 Bc2 21. Qf3
Rf8 22. Rac1 e6 23. Re2 Be4 24. Rxc8 Bxf3 25. Rxd8 Bxe2 26. Rxf8+ Kxf8 27. Nd7+
Ke7 28. Nc5 Bxd4 29. Nxb7 Bxb2 30. Bd6+ {White resigns} 0-1

[Event "Team 45 45 League T72"]
[Site "Internet Chess Club"]
[Date "2017.04.11"]
[Round "4"]
[White "PsyMar"]
[Black "Toalla"]
[Result "1-0"]
[WhiteElo "1247"]
[BlackElo "1124"]
[Opening "Sicilian: Katalimov variation"]
[ECO "B27"]
[Time "12:05:36"]
[TimeControl "2700+45"]

1. e4 c5 2. Nf3 b6 3. d4 cxd4 4. Bb5 a6 5. Ba4 b5 6. Bb3 Nc6 7. c3 dxc3 8. Nxc3
e6 9. O-O Bc5 10. e5 Nge7 11. Bg5 h6 12. Be3 Bxe3 13. fxe3 Qb6 14. Nd4 Nxe5 15.
Qh5 N5g6 16. Bc2 O-O 17. Kh1 Bb7 18. Rae1 Rae8 19. Nf3 Nf5 20. e4 Nf4 21. Qg4
Nxg2 22. exf5 Nxe1 23. f6 Bxf3+ 24. Rxf3 g6 25. Bxg6 Kh8 26. Rh3 Qc6+ 27. Be4
Qxe4+ 28. Qxe4 {Black resigns} 1-0

[Event "Team 45 45 League T72"]
[Site "Internet Chess Club"]
[Date "2017.04.07"]
[Round "4"]
[White "WzeroMN"]
[Black "chips"]
[Result "0-1"]
[WhiteElo "1183"]
[BlackElo "1186"]
[Opening "Ruy Lopez: Cozio defense"]
[ECO "C60"]
[Time "10:00:53"]
[TimeControl "2700+45"]

1. e4 e5 2. Nf3 Nc6 3. Bb5 Nge7 4. O-O a6 5. Bc4 h6 6. a3 b5 7. Bb3 d6 8. c3 Na5
9. Bc2 Ng6 10. d4 Qe7 11. d5 Bb7 12. b4 Nc4 13. Bb3 Nb6 14. Be3 Nd7 15. a4 Nf6
16. Nbd2 Qd7 17. axb5 axb5 18. Rxa8+ Bxa8 19. c4 Ke7 20. cxb5 Qxb5 21. Qc1 c6
22. Qc4 Qxc4 23. Bxc4 cxd5 24. exd5 Bxd5 25. Bxd5 Nxd5 26. b5 Nxe3 27. fxe3 Kd7
28. b6 Kc6 29. Rb1 Kb7 30. Nc4 Be7 31. Na5+ Ka6 32. Nc6 Kb7 33. Na5+ Ka6 34. b7
Rb8 35. Nc6 Rxb7 36. Ra1+ Kb6 37. Rc1 Rc7 38. Nxe7 Rxc1+ 39. Kf2 Nxe7 40. Ke2
Ra1 41. g4 f5 42. gxf5 Nxf5 43. e4 Ne7 44. Kf2 Ra5 45. h4 Ng6 46. h5 Nf4 47. Kg3
Nxh5+ 48. Kg4 Nf6+ 49. Kf5 Ra3 50. Nd2 Ra8 51. Kg6 h5 52. Kxg7 Ng4 53. Kg6 Nf2
54. Kxh5 Ra4 55. Kg5 Nxe4+ 56. Nxe4 Rxe4 57. Kf5 Re1 58. Ke6 Kc5 59. Kf5 e4 60.
Kf4 Kd4 61. Kg3 d5 62. Kf2 Ra1 63. Ke2 Ra2+ 64. Kf1 e3 65. Ke1 Ke4 66. Kd1 d4
67. Ke1 Kf3 68. Kf1 Ra1# {White checkmated} 0-1

[Event "Team 45 45 League T72"]
[Site "Internet Chess Club"]
[Date "2017.04.09"]
[Round "4"]
[White "santiagoelawad"]
[Black "room-matt"]
[Result "1-0"]
[WhiteElo "2016"]
[BlackElo "1878"]
[Opening "English: Mikenas-Carls, Sicilian variation"]
[ECO "A19"]
[Time "10:37:01"]
[TimeControl "2700+45"]

1. c4 Nf6 2. Nc3 e6 3. e4 c5 4. e5 Ng8 5. d4 cxd4 6. Qxd4 Nc6 7. Qe4 d6 8. Nf3
f5 9. Qe2 dxe5 10. Nxe5 Nf6 11. Nxc6 bxc6 12. g3 Qd7 13. Bg2 Bb4 14. Bd2 Rb8 15.
Rd1 Qb7 16. a3 Ba5 17. b4 Bc7 18. Nb5 e5 19. Bc3 e4 20. Nxc7+ Qxc7 21. Bxf6 gxf6
22. Qh5+ Ke7 23. O-O Be6 24. Rfe1 Qe5 25. f3 Bxc4 26. fxe4 f4 27. Qg4 Rhg8 28.
Qd7+ Kf8 29. Qxc6 Bb5 30. Qc2 Rg5 31. Rd5 Qe7 32. Rxg5 fxg5 33. e5 Kg7 34. gxf4
gxf4 35. Qe4 Qg5 36. Kh1 a6 37. Bf3 Qh4 38. Rg1+ Kf8 39. Qf5+ Ke7 40. Rg7+ Ke8
41. Qf7+ Kd8 42. Rg8+ {Black resigns} 1-0

[Event "Team 45 45 League T72"]
[Site "Internet Chess Club"]
[Date "2017.04.07"]
[Round "4"]
[White "fishhead"]
[Black "primerpaso"]
[Result "1-0"]
[WhiteElo "1705"]
[BlackElo "1800"]
[Opening "Sicilian: Najdorf, Adams attack"]
[ECO "B90"]
[Time "19:01:52"]
[TimeControl "2700+45"]

1. e4 c5 2. Nf3 d6 3. d4 cxd4 4. Nxd4 Nf6 5. Nc3 a6 6. h3 e5 7. Nde2 Be6 8. g4
Be7 9. Ng3 Nc6 10. Be3 d5 11. g5 d4 12. gxf6 Bxf6 13. Bd2 dxc3 14. Bxc3 g6 15.
Bd3 O-O 16. Qe2 Nd4 17. Bxd4 Qxd4 18. c3 Qc5 19. h4 Rad8 20. h5 Rd7 21. a3 Rfd8
22. Bc2 Bg5 23. Nf1 Bc4 24. Qf3 Bd2+ 25. Nxd2 Rxd2 26. hxg6 fxg6 27. Rd1 Qd6 28.
b3 Be2 29. Qxe2 Rxe2+ 30. Kxe2 Qc7 31. c4 Rxd1 32. Rxd1 Kg7 33. Rd5 g5 34. Bd3
b6 35. b4 Kg6 36. c5 bxc5 37. Rxc5 Qd6 38. Rd5 Qf6 39. Ra5 Kh5 40. Rxa6 Qf4 41.
Kf1 g4 42. Ra7 h6 43. Rg7 Kh4 44. Kg1 Qf3 45. Bf1 Qxa3 46. b5 Qb4 47. Rg6 h5 48.
b6 Qxe4 49. Rg7 Qb4 50. b7 Qb6 51. Bg2 Qb1+ 52. Kh2 Qb6 53. Rf7 Qd6 54. Be4 Qb8
55. Rd7 Qf8 56. Kg2 Qb4 57. Bd5 Qb5 58. Rd8 Qd3 59. b8=Q Qh3+ 60. Kg1 g3 61.
Qb4+ {Black resigns} 1-0

[Event "Team 45 45 League T72"]
[Site "Internet Chess Club"]
[Date "2017.04.08"]
[Round "4"]
[White "QuieroAprender"]
[Black "zap2"]
[Result "0-1"]
[WhiteElo "1542"]
[BlackElo "1784"]
[Opening "Sicilian: Najdorf, 7.f4"]
[ECO "B96"]
[Time "12:33:07"]
[TimeControl "2700+45"]

1. e4 c5 2. Nf3 d6 3. d4 cxd4 4. Nxd4 Nf6 5. Nc3 a6 6. Bg5 e6 7. f4 Nc6 8. Nxc6
bxc6 9. e5 h6 10. exf6 hxg5 11. fxg7 Bxg7 12. Ne4 d5 13. Nxg5 Bxb2 14. Rb1 Qa5+
15. Kf2 Qc5+ 16. Kf3 Bf6 17. Bd3 e5 18. Re1 Rh4 19. Qd2 e4+ 20. Nxe4 dxe4+ 21.
Bxe4 Kf8 22. h3 Be6 23. Qb4 Qxb4 24. Rxb4 Bc3 25. Reb1 Bxb4 26. Rxb4 Bd5 27. c4
Bxe4+ 28. Kxe4 Re8+ 29. Kf3 a5 30. Rb6 Rh6 31. Ra6 Rhe6 32. Rxa5 Re3+ 33. Kg4
Re2 34. g3 Rc2 35. Rc5 Re6 36. f5 Re4+ 37. Kg5 Rexc4 38. Ra5 Re4 39. h4 Rc3 40.
g4 Rcc4 41. Ra8+ Re8 42. Ra7 f6+ 43. Kxf6 Rxg4 44. h5 Rc8 45. h6 Kg8 46. Ke6 c5
47. h7+ Kh8 48. f6 Rg6 49. Kd7 Rf8 50. Kd6 c4 51. Kd5 c3 52. Rc7 Rg3 53. a4 Rxf6
54. Kc4 c2 55. Kb5 Rf2 56. a5 Rb3+ 57. Ka6 Rb1 58. Ka7 c1=Q 59. Ka8 Rf8+ {White
resigns} 0-1

[Event "Team 45 45 League T72"]
[Site "Internet Chess Club"]
[Date "2017.04.07"]
[Round "4"]
[White "Duguesclin"]
[Black "pokerram"]
[Result "1-0"]
[WhiteElo "1563"]
[BlackElo "1611"]
[Opening "King's Indian: Four pawns attack, dynamic line"]
[ECO "E76"]
[Time "15:00:57"]
[TimeControl "2700+45"]

1. d4 Nf6 2. c4 g6 3. Nc3 Bg7 4. e4 d6 5. f4 O-O 6. Nf3 c5 7. d5 e6 8. Bd3 exd5
9. cxd5 Re8 10. O-O Na6 11. a3 Nc7 12. Qc2 b6 13. Bd2 Ba6 14. Rae1 Bxd3 15. Qxd3
Nd7 16. Nb5 Nxb5 17. Qxb5 a6 18. Qc6 Bf8 19. e5 Rc8 20. Qb7 dxe5 21. fxe5 Nb8
22. d6 Qd7 23. Qxb6 Rc6 24. Qb3 Bg7 25. Bc3 Qe6 26. Qxe6 fxe6 27. Ng5 Nd7 28.
Rf7 h6 29. Rxd7 hxg5 30. g4 Rf8 31. Re7 Rcc8 32. Rxe6 Rf4 33. h3 Rf3 34. Kg2 Rf4
35. Rxg6 Rcf8 36. Re2 Kh7 37. Rxg5 Bh6 38. Rh5 Kg6 39. Bd2 {Black resigns} 1-0

[Event "Team 45 45 League T72"]
[Site "Internet Chess Club"]
[Date "2017.04.10"]
[Round "4"]
[White "LinceHispano44"]
[Black "ChessHouston"]
[Result "0-1"]
[WhiteElo "1718"]
[BlackElo "1793"]
[Opening "Grünfeld: exchange variation"]
[ECO "D85"]
[Time "11:08:55"]
[TimeControl "2700+45"]

1. d4 Nf6 2. c4 g6 3. Nc3 d5 4. cxd5 Nxd5 5. Bd2 Bg7 6. e4 Nb6 7. Be3 O-O 8. Nf3
Bg4 9. d5 c6 10. dxc6 bxc6 11. Qxd8 Rxd8 12. Be2 N8d7 13. O-O Bxf3 14. gxf3 Ne5
15. Bxb6 axb6 16. Rfd1 Bh6 17. Rxd8+ Rxd8 18. Rd1 Ra8 19. Kg2 b5 20. a3 Kf8 21.
Kg3 g5 22. Rd4 Ke8 23. a4 bxa4 24. Nxa4 Bg7 25. Rb4 Ng6 26. Nc5 Be5+ 27. Kg4 Bd6
28. Nd3 Bxb4 29. Nxb4 Rb8 30. Nd3 Nf4 31. Nxf4 gxf4 32. Kxf4 Rxb2 33. Ke3 e5 34.
h4 Ke7 35. Bc4 Kf6 36. f4 exf4+ 37. Kxf4 Rxf2+ 38. Kg3 Rc2 39. e5+ Kxe5 40. Bxf7
c5 41. Kg4 c4 42. Bg8 Rg2+ {White resigns} 0-1

[Event "Team 45 45 League T72"]
[Site "Internet Chess Club"]
[Date "2017.04.08"]
[Round "4"]
[White "IshanR"]
[Black "bobhill"]
[Result "1-0"]
[WhiteElo "1912"]
[BlackElo "1883"]
[Opening "Sicilian: Smith-Morra gambit"]
[ECO "B21"]
[Time "21:00:17"]
[TimeControl "2700+45"]

1. e4 c5 2. d4 cxd4 3. c3 dxc3 4. Nxc3 Nc6 5. Nf3 d6 6. Bc4 a6 7. O-O Nf6 8. Be3
Bg4 9. Qb3 Na5 10. Bxf7+ Kd7 11. Qd1 Nc6 12. e5 Bxf3 13. Qxf3 Ne8 14. Qf5+ Kc7
15. Nd5+ Kb8 16. Bb6 g6 17. Qh3 Qc8 18. Be6 Nf6 19. Bxc8 Nxd5 20. Be3 Bg7 21.
Be6 Nc7 22. exd6 exd6 23. Rfd1 Be5 24. f4 Bxb2 25. Rab1 Ba3 26. Bd7 Nd8 27. Bd4
Rf8 28. Qxa3 Rxf4 29. Qxd6 Re4 30. Bb6 Rc4 31. Rbc1 {Black resigns} 1-0

[Event "Team 45 45 League T72"]
[Site "Internet Chess Club"]
[Date "2017.04.11"]
[Round "4"]
[White "Beetlejuice"]
[Black "Konstantinos"]
[Result "0-1"]
[WhiteElo "1743"]
[BlackElo "1657"]
[Opening "QGD Slav: 4.e3"]
[ECO "D11"]
[Time "14:01:39"]
[TimeControl "2700+45"]

1. d4 d5 2. c4 c6 3. Nf3 Nf6 4. e3 e6 5. b3 Bb4+ 6. Nbd2 Bc3 7. Rb1 b6 8. Bd3
Nbd7 9. Qc2 Bxd2+ 10. Bxd2 O-O 11. O-O Ba6 12. Rbc1 Rc8 13. Qb1 h6 14. Rc3 c5
15. cxd5 Bxd3 16. Qxd3 Nxd5 17. Rc2 Qe7 18. Rfc1 Rcd8 19. Qa6 cxd4 20. Nxd4 Nb8
21. Qc4 Qb7 22. e4 Nf6 23. f3 Nbd7 24. Nb5 Nc5 25. Bb4 Nd3 26. Bxf8 Nxc1 27.
Bxg7 Rd1+ 28. Kf2 Kxg7 29. Rxc1 Rd2+ 30. Kf1 Qd7 31. Nc3 Qd6 32. g3 Rxh2 33. Ne2
Qd2 34. Qc2 Qe3 {White resigns} 0-1